AoeStats
← Dumbzie

Arena

510916113Analyzed
4v4 RM · 8h ago on Oct 3, 2026· 58m 59s· 8 players
Game mode
Random Map
Map size
Large (8 player)
Population
200
Speed
Normal
Resources
Standard
Victory
Conquest
Starting age
Dark Age
Ending age
Imperial Age
RankedLock teamsTeams togetherTeam positionsShared explorationLock speedFull tech treeHidden civsTurbo modeCheats
Victory
Defeat
🇹🇼 Franks · Taiwan
835
+7
🇨🇳 Britons · China
823
+8
🇨🇱 Bengalis · Chile
755
+10
🇨🇳 Varangians · China
457
+21
🇧🇷 Franks · Brazil
745
-17
🇺🇸 Huns · United States
629
-12
🇺🇸 Britons · United States
578
-10
🇨🇳 Bohemians · China
498
-7
Dumbzie
0:30 Loom
12:08 Feudal Age
20:43 Castle Age
19:01 Stone Mining
19:05 Double-Bit Axe
19:16 Horse Collar
19:50 Gold Mining
29:47 Wheelbarrow
32:24 Imperial Age
31:13 Hand Cart
30:43 Town Watch
33:08 Padded Archer Armor
32:59 Fletching
33:12 Town Patrol
33:55 Ballistics
34:35 Chemistry
33:48 Fortified Wall
33:34 Murder Holes
34:04 Leather Archer Armor
34:28 Gold Shaft Mining
33:55 Heavy Plow
34:16 Bow Saw
35:44 Conscription
35:34 Bodkin Arrow
36:10 Ring Archer Armor
35:49 Elite Longbowman
36:06 Elite Longbowman
37:07 Yeomen
36:57 Caravan
37:09 Gambesons
36:45 Pikeman
37:25 Squires
40:52 Two-Man Saw
41:29 Arson
42:14 Bracer
42:24 Forging
42:15 Scale Mail Armor
44:51 Halberdier
dokoenig3
10:35 Feudal Age
17:09 Castle Age
16:16 Double-Bit Axe
20:10 Stone Mining
25:39 Marauders
27:07 Gold Mining
32:19 Imperial Age
29:49 Horse Collar
31:01 Gold Shaft Mining
30:54 Forging
30:50 Scale Barding Armor
31:26 Bloodlines
31:16 Husbandry
32:39 Elite Tarkan
33:44 Conscription
34:18 Murder Holes
34:53 Scale Barding Armor
35:03 Town Watch
36:00 Wheelbarrow
36:37 Heavy Plow
36:53 Caravan
37:28 Coinage
39:39 Chemistry
38:51 Masonry
38:51 Elite Skirmisher
[MCC] Bacteria-Am
0:45 Loom
13:23 Feudal Age
19:11 Castle Age
17:08 Double-Bit Axe
18:05 Wheelbarrow
18:56 Stone Mining
18:56 Gold Mining
20:16 Bow Saw
22:39 Hand Cart
24:37 Scale Barding Armor
27:32 Gold Shaft Mining
27:21 Chain Barding Armor
31:04 Forging
34:04 Imperial Age
31:51 Town Watch
35:02 Husbandry
34:26 Cavalier
35:46 Plate Barding Armor
35:47 Iron Casting
36:38 Chemistry
35:50 Fortified Wall
35:37 Murder Holes
36:45 Chivalry
36:34 Paladin
41:50 Blast Furnace
42:09 Town Patrol
jumbleknight
11:25 Feudal Age
12:09 Double-Bit Axe
12:07 Horse Collar
20:23 Castle Age
19:03 Loom
21:28 Bow Saw
21:21 Heavy Plow
29:44 Wheelbarrow
31:11 Hand Cart
34:35 Imperial Age
33:34 Wagenburg Tactics
33:57 Caravan
35:51 Chemistry
38:01 Coinage
41:30 Banking
41:11 Guilds
Toritoro20
12:36 Feudal Age
13:49 Double-Bit Axe
14:43 Wheelbarrow
18:24 Castle Age
17:19 Horse Collar
19:29 Hand Cart
19:28 Bow Saw
23:54 Heavy Plow
24:08 Stone Mining
26:07 Loom
28:04 Gold Mining
29:59 Gold Shaft Mining
29:31 Caravan
29:56 Paiks
35:15 Imperial Age
33:16 Husbandry
33:44 Bloodlines
33:42 Scale Barding Armor
33:49 Forging
33:32 Fletching
33:42 Padded Archer Armor
35:15 Chain Barding Armor
35:59 Iron Casting
36:16 Ballistics
36:58 Chemistry
35:23 Elite Elephant Archer
37:07 Elite Battle Elephant
39:17 Crop Rotation
40:48 Conscription
40:49 Mahayana
43:12 Plate Barding Armor
43:38 Blast Furnace
42:34 Bodkin Arrow
42:55 Leather Archer Armor
42:56 Masonry
45:47 Architecture
45:26 Siege Engineers
45:36 Fortified Wall
47:23 Fervor
47:30 Bracer
48:01 Ring Archer Armor
u9313317
0:29 Loom
12:20 Feudal Age
13:25 Feudal Age
15:02 Double-Bit Axe
17:41 Castle Age
16:58 Scale Mail Armor
20:49 Wheelbarrow
27:56 Bow Saw
32:01 Imperial Age
30:14 Forging
31:40 Fortified Wall
31:46 Masonry
32:07 Stone Mining
32:08 Gold Mining
32:30 Murder Holes
33:59 Hand Cart
33:31 Town Watch
34:14 Chain Mail Armor
34:34 Iron Casting
35:41 Chemistry
36:33 Hoardings
38:07 Gold Shaft Mining
40:01 Blast Furnace
39:31 Plate Mail Armor
42:56 Scale Barding Armor
43:28 Elite Throwing Axeman
45:25 Chain Barding Armor
48:22 Plate Barding Armor
47:35 Light Cavalry
48:19 Husbandry
52:45 Cavalier
55:21 Paladin
有福之人
11:21 Feudal Age
12:12 Double-Bit Axe
12:24 Stone Mining
12:21 Horse Collar
17:55 Castle Age
19:59 Bow Saw
19:53 Heavy Plow
22:38 Gold Mining
23:37 Forging
23:19 Fletching
25:25 Padded Archer Armor
27:31 Wheelbarrow
26:42 Loom
28:19 Iron Casting
27:47 Scale Mail Armor
27:36 Town Watch
29:30 Hand Cart
30:14 Gold Shaft Mining
35:40 Imperial Age
33:17 Bodkin Arrow
33:39 Leather Archer Armor
35:09 Ballistics
34:30 Treadmill Crane
35:01 Masonry
35:21 Yeomen
35:43 Squires
35:48 Elite Longbowman
36:52 Warwolf
38:23 Chemistry
37:55 Architecture
40:33 Bracer
41:34 Blast Furnace
41:04 Ring Archer Armor
42:13 Hoardings
46:31 Guilds
49:51 Chain Mail Armor
51:36 Two-Man Saw
55:28 Gambesons
55:05 Pikeman
57:43 Halberdier
58:32 Elite Skirmisher
不知名南波湾
0:58 Loom
10:28 Feudal Age
11:13 Double-Bit Axe
11:42 Horse Collar
17:28 Stone Mining
17:52 Gold Mining
20:27 Wheelbarrow
25:52 Castle Age
26:52 Bow Saw
26:44 Heavy Plow
27:24 Stone Shaft Mining
26:54 Caravan
27:49 Hand Cart
29:01 Town Watch
31:27 Treadmill Crane
31:59 Fortified Wall
32:00 Masonry
31:43 Guard Tower
31:49 Murder Holes
38:37 Imperial Age
36:22 Scale Barding Armor
36:29 Forging
36:09 Fletching
36:20 Padded Archer Armor
38:57 Husbandry
39:08 Bloodlines
39:24 Chain Barding Armor
39:39 Iron Casting
38:59 Bodkin Arrow
39:20 Leather Archer Armor
40:52 Crop Rotation
41:25 Two-Man Saw
41:07 Architecture
40:45 Siege Engineers
41:43 Chemistry
41:11 Ballistics
42:08 Plate Barding Armor
42:33 Blast Furnace
43:48 Elite Jarl
46:23 Blast Furnace
45:29 Bracer
46:22 Ring Archer Armor
Connection lost

Rejoining the realm…

Still unreachable

The connection could not be restored.

Session expired

The server has moved on; the page needs a fresh start.